[Event "2nd Irena Warakomska Memorial-A"]
[Site "Suwalki"]
[Date "2018.08.06"]
[Round "7"]
[White "Oglaza, Oskar"]
[Black "Zgadzaj, Rafal"]
[Result "1/2-1/2"]
[ECO "A40"]
[WhiteElo "2364"]
[BlackElo "2154"]
[Annotator "NA"]
[PlyCount "106"]
[EventDate "2018.08.01"]
[EventType "swiss"]
[EventCountry "POL"]
[SourceTitle "playchess.com"]
[Source "ChessBase"]
[SourceQuality "1"]
[TimeControl "40/5400+30:1800+30"]

1. d4 g6 2. g3 Bg7 3. Bg2 d6 4. c4 Nd7 5. Nf3 e5 6. Nc3 Ne7 7. e4 O-O 8. O-O c6 9. Be3 Qc7 10. Qc2 Re8 11. Rad1 a5 12. dxe5 dxe5 13. c5 Nf8 14. Nd2 Be6 15. Na4 Rad8 16. Nb6 Nc8 17. Ndc4 Bxc4 18. Nxc4 Ne6 19. Bh3 Rxd1 20. Rxd1 Nd4 21. Bxd4 exd4 22. Bxc8 Rxc8 23. Nd6 Rd8 24. f4 Rxd6 25. cxd6 Qxd6 26. e5 Qd5 27. Qb3 Qc5 28. Qd3 Bf8 29. Kf2 Qd5 30. Qb3 Qd7 31. Qb6 Qd5 32. Qb3 Qd7 33. Qc4 b5 34. Qxd4 Bc5 35. Qxc5 Qxd1 36. Qxc6 Qd2+ 37. Kf3 Qxb2 38. Qa8+ Kg7 39. Qxa5 Qxh2 40. Qxb5 Qxa2 41. Qc6 Qb3+ 42. Kg2 Qd1 43. Qf6+ Kg8 44. Kf2 h5 45. Ke3 Qe1+ 46. Kf3 Qf1+ 47. Ke3 Qg2 48. Qg5 Qg1+ 49. Kf3 Qd1+ 50. Ke3 Qc1+ 51. Kf2 Qd2+ 52. Kf3 Qd3+ 53. Kf2 Qd2+ 1/2-1/2

[Event "2nd Irena Warakomska Memorial-A"]
[Site "Suwalki"]
[Date "2018.08.06"]
[Round "7"]
[White "Debarshi, Mukherjee"]
[Black "Walkusz, Witoslaw"]
[Result "1-0"]
[ECO "D85"]
[WhiteElo "2308"]
[BlackElo "2121"]
[Annotator "NA"]
[PlyCount "59"]
[EventDate "2018.08.01"]
[EventType "swiss"]
[EventCountry "POL"]
[SourceTitle "playchess.com"]
[Source "ChessBase"]
[SourceQuality "1"]
[TimeControl "40/5400+30:1800+30"]

1. d4 Nf6 2. c4 g6 3. Nc3 d5 4. cxd5 Nxd5 5. e4 Nxc3 6. bxc3 Bg7 7. Nf3 O-O 8. Be2 c5 9. O-O Nc6 10. Be3 cxd4 11. cxd4 e6 12. Rc1 Bd7 13. Qd2 Re8 14. Bg5 f6 15. Bh6 Rc8 16. Bxg7 Kxg7 17. Rfd1 Qe7 18. h4 Red8 19. h5 gxh5 20. Qb2 Be8 21. d5 exd5 22. exd5 Qb4 23. Qa1 Na5 24. Nd4 Bd7 25. Bxh5 Rc4 26. Rxc4 Qxc4 27. Re1 Qxd5 28. Re7+ Kh6 29. Ne6 Qe5 30. Qxe5 1-0

[Event "2nd Irena Warakomska Memorial-A"]
[Site "Suwalki"]
[Date "2018.08.06"]
[Round "7"]
[White "Schippers, Maurice"]
[Black "Dmochowska, Agnieszka"]
[Result "1-0"]
[ECO "B68"]
[WhiteElo "2303"]
[BlackElo "2096"]
[Annotator "NA"]
[PlyCount "43"]
[EventDate "2018.08.01"]
[EventType "swiss"]
[EventCountry "POL"]
[SourceTitle "playchess.com"]
[Source "ChessBase"]
[SourceQuality "1"]
[TimeControl "40/5400+30:1800+30"]

1. e4 c5 2. Nf3 Nc6 3. d4 cxd4 4. Nxd4 Nf6 5. Nc3 d6 6. Bg5 e6 7. Qd2 a6 8. O-O-O Be7 9. f4 Bd7 10. Nf3 b5 11. e5 b4 12. exf6 bxc3 13. Qxc3 gxf6 14. Bh4 d5 15. Kb1 a5 16. f5 Rc8 17. fxe6 fxe6 18. Nd4 Ne5 19. Qg3 Ng6 20. Bd3 Kf7 21. Rhf1 Qc7 22. Bxf6 1-0

[Event "2nd Irena Warakomska Memorial-A"]
[Site "Suwalki"]
[Date "2018.08.06"]
[Round "7"]
[White "Goluch, Piotr"]
[Black "Socko, Monika"]
[Result "1/2-1/2"]
[ECO "B12"]
[WhiteElo "2301"]
[BlackElo "2466"]
[Annotator "ChessBase"]
[PlyCount "139"]
[EventDate "2018.08.01"]
[EventType "swiss"]
[EventCountry "POL"]
[SourceTitle "playchess.com"]
[Source "ChessBase"]
[SourceQuality "1"]
[TimeControl "40/5400+30:1800+30"]

1. e4 c6 2. d4 d5 3. e5 Bf5 4. h4 h5 5. Bd3 Bxd3 6. Qxd3 Qa5+ 7. Nd2 e6 8. Ngf3 Qa6 9. c4 Ne7 10. O-O Nd7 11. a3 Nf5 12. Qc2 Be7 13. g3 dxc4 14. Nxc4 Nb6 15. Ne3 Nxe3 16. Bxe3 Qc4 17. Rac1 Qxc2 18. Rxc2 Nd5 19. Nd2 f6 20. exf6 gxf6 21. Re1 Rd8 22. Nc4 Kf7 23. Bc1 Rhe8 24. Na5 Rd7 25. Nb3 Nc7 26. Be3 Rd5 27. Nc1 Rd7 28. Ne2 Nd5 29. Bc1 Bf8 30. f3 f5 31. Kg2 Bg7 32. Kh3 Rh8 33. Bg5 Nc7 34. Rd2 Nb5 35. Red1 Nc7 36. Rd3 Nd5 37. g4 Bf6 38. Bxf6 hxg4+ 39. fxg4 fxg4+ 40. Kxg4 Nxf6+ 41. Kh3 Rd5 42. Rf1 Rb5 43. Ng3 Ke7 44. Rdf3 Rh6 45. R1f2 Rg6 46. b4 Rd5 47. Rf4 a5 48. Ne4 Nxe4 49. Rxe4 axb4 50. axb4 Rb5 51. Rb2 Rf5 52. Rb3 Rf1 53. Rg3 Rgf6 54. Rg7+ Kd6 55. Rxb7 Rg6 56. Kh2 Rf2+ 57. Kh3 Rf3+ 58. Kh2 Kd5 59. Re5+ Kxd4 60. Rg5 Rxg5 61. hxg5 Rf5 62. Rg7 e5 63. Kg3 e4 64. Kg4 Re5 65. Rd7+ Kc4 66. Kf4 Re8 67. Ke3 Rg8 68. Rd6 Rxg5 69. Rxc6+ Kxb4 70. Kxe4 1/2-1/2

[Event "2nd Irena Warakomska Memorial-A"]
[Site "Suwalki"]
[Date "2018.08.06"]
[Round "7"]
[White "Paszewski, Mateusz"]
[Black "Teclaf, Pawel"]
[Result "1/2-1/2"]
[ECO "B23"]
[WhiteElo "2274"]
[BlackElo "2362"]
[Annotator "NA"]
[PlyCount "153"]
[EventDate "2018.08.01"]
[EventType "swiss"]
[EventCountry "POL"]
[SourceTitle "playchess.com"]
[Source "ChessBase"]
[SourceQuality "1"]
[TimeControl "40/5400+30:1800+30"]

1. e4 c5 2. Nc3 a6 3. g3 b5 4. Bg2 Bb7 5. d3 e6 6. Nh3 Nf6 7. O-O b4 8. Ne2 d5 9. Nef4 dxe4 10. Ng5 Be7 11. Nxe4 Nxe4 12. Bxe4 Bxe4 13. dxe4 O-O 14. Qg4 Qd4 15. Qe2 Rd8 16. Kg2 Nc6 17. f3 c4 18. c3 bxc3 19. Be3 Qe5 20. bxc3 g5 21. Nh3 Qxc3 22. Rac1 Qd3 23. Qxd3 Rxd3 24. Bxg5 Bxg5 25. Nxg5 c3 26. Nh3 Nd4 27. Nf4 Rd2+ 28. Rf2 Rc8 29. g4 Rc4 30. Kf1 Rb2 31. Nd3 Rb5 32. Ke1 Ra5 33. Nf4 c2 34. Ne2 Nxe2 35. Kxe2 Rc3 36. Kd2 Rac5 37. Re2 Ra3 38. Rxc2 Rxc2+ 39. Kxc2 Rxa2+ 40. Kd1 Ra3 41. f4 a5 42. Ke1 Rf3 43. f5 a4 44. Rc2 exf5 45. exf5 Kg7 46. Rc6 Rf4 47. Ke2 Rxg4 48. Kf3 Rg5 49. Ra6 Rxf5+ 50. Kg3 Rg5+ 51. Kf3 f6 52. Rxa4 Kg6 53. Ra7 Rb5 54. Kg3 Rb3+ 55. Kf2 h5 56. Kg2 Kg5 57. Ra4 Re3 58. Kf2 Rh3 59. Kg2 Rh4 60. Ra5+ f5 61. Ra8 Rb4 62. Ra7 Rb2+ 63. Kg1 Kg4 64. Ra3 Re2 65. Rg3+ Kh4 66. Rf3 Kg4 67. Rg3+ Kf4 68. Rh3 Re3 69. Rxh5 Kg4 70. Rh8 Ra3 71. Kf1 Ra1+ 72. Kf2 Ra2+ 73. Kf1 f4 74. Rh7 Kf3 75. Rh3+ Ke4 76. Ke1 Rg2 77. Kf1 1/2-1/2

[Event "2nd Irena Warakomska Memorial-A"]
[Site "Suwalki"]
[Date "2018.08.06"]
[Round "7"]
[White "Marszalek, Maciej"]
[Black "Jankowiak, Tomasz"]
[Result "1-0"]
[ECO "A06"]
[WhiteElo "2269"]
[BlackElo "2117"]
[Annotator "NA"]
[PlyCount "81"]
[EventDate "2018.08.01"]
[EventType "swiss"]
[EventCountry "POL"]
[SourceTitle "playchess.com"]
[Source "ChessBase"]
[SourceQuality "1"]
[TimeControl "40/5400+30:1800+30"]

1. Nf3 d5 2. c4 c6 3. d4 Nf6 4. Qb3 e6 5. g3 Ne4 6. Bg2 Qa5+ 7. Nbd2 Bb4 8. Qc2 O-O 9. O-O f5 10. Nb3 Qa4 11. c5 Ba5 12. Bf4 Bd8 13. Nfd2 Nxd2 14. Qxd2 Nd7 15. f3 Bf6 16. Bd6 Re8 17. e4 b6 18. e5 Bd8 19. f4 Ba6 20. Rfd1 Kf7 21. Nc1 Be7 22. Bxe7 Kxe7 23. cxb6 axb6 24. Ne2 Bxe2 25. Qxe2 g6 26. g4 Rg8 27. Qf2 Kf7 28. Rd3 Qc4 29. Rc3 Rxa2 30. Rxa2 Qxa2 31. Rxc6 Qb1+ 32. Bf1 fxg4 33. Rc7 Ke8 34. Qd2 Rf8 35. Rc1 Qe4 36. Bb5 Kd8 37. Qc3 Ke7 38. Bxd7 Kxd7 39. Qc6+ Ke7 40. Qb7+ Ke8 41. Rc8# 1-0

[Event "2nd Irena Warakomska Memorial-A"]
[Site "Suwalki"]
[Date "2018.08.06"]
[Round "7"]
[White "Bugalski, Michal"]
[Black "Grebeniuk, Semen"]
[Result "1/2-1/2"]
[ECO "B06"]
[WhiteElo "2263"]
[BlackElo "2306"]
[Annotator "NA"]
[PlyCount "103"]
[EventDate "2018.08.01"]
[EventType "swiss"]
[EventCountry "POL"]
[SourceTitle "playchess.com"]
[Source "ChessBase"]
[SourceQuality "1"]
[TimeControl "40/5400+30:1800+30"]

1. e4 g6 2. d4 Bg7 3. Nc3 c6 4. Be3 d5 5. e5 Nh6 6. Qd2 Nf5 7. Bf4 f6 8. exf6 exf6 9. h4 O-O 10. O-O-O Re8 11. Kb1 Be6 12. g4 Nd6 13. f3 b5 14. h5 g5 15. Bxd6 Qxd6 16. h6 Bf8 17. Nh3 Nd7 18. Bd3 Be7 19. Rdg1 Kh8 20. Ne2 Rg8 21. Ng3 Nf8 22. Nh5 Ng6 23. Re1 Bd7 24. Bf5 Raf8 25. Qe2 Rf7 26. Ng7 Nh4 27. Bxd7 Qxd7 28. f4 Bf8 29. Ne6 gxf4 30. Nhxf4 Ng6 31. Nd3 Bd6 32. Qf3 Nf8 33. Ng7 Ng6 34. Re2 Bf8 35. Ne6 Bd6 36. Rhe1 Bf8 37. Rh1 Bd6 38. Ng7 Bf8 39. Nf5 a5 40. Rhe1 a4 41. Re6 a3 42. b4 Ne5 43. R6xe5 fxe5 44. Nxe5 Rxf5 45. gxf5 Qe7 46. c3 Qf6 47. Qh5 Rg2 48. Ng4 Qd6 49. Ne5 Qf6 50. Ng4 Qd6 51. Ne5 Qf6 52. Ng4 1/2-1/2

[Event "2nd Irena Warakomska Memorial-A"]
[Site "Suwalki"]
[Date "2018.08.06"]
[Round "7"]
[White "Tomaszewski, Roman"]
[Black "Tarun, V Kanth"]
[Result "0-1"]
[ECO "D37"]
[WhiteElo "2258"]
[BlackElo "2102"]
[Annotator "NA"]
[PlyCount "53"]
[EventDate "2018.08.01"]
[EventType "swiss"]
[EventCountry "POL"]
[SourceTitle "playchess.com"]
[Source "ChessBase"]
[SourceQuality "1"]
[TimeControl "40/5400+30:1800+30"]

1. d4 Nf6 2. c4 e6 3. Nc3 d5 4. Nf3 Be7 5. Bf4 O-O 6. e3 c5 7. dxc5 Bxc5 8. cxd5 Nxd5 9. Nxd5 exd5 10. Bd3 Bb4+ 11. Ke2 Nc6 12. Qc2 h6 13. Rhd1 Bg4 14. Bh7+ Kh8 15. Bf5 Bxf3+ 16. Kxf3 g6 17. a3 Ba5 18. b4 Bc7 19. Qb2+ Kh7 20. b5 Bxf4 21. bxc6 bxc6 22. Bh3 Bg5 23. Rab1 Be7 24. Qb7 Qd6 25. g3 Rfd8 26. Rd3 Rdb8 27. Rdd1 0-1

[Event "2nd Irena Warakomska Memorial-A"]
[Site "Suwalki"]
[Date "2018.08.06"]
[Round "7"]
[White "Sowul, Bartosz"]
[Black "Fiedorek, Michal"]
[Result "0-1"]
[ECO "E61"]
[WhiteElo "2257"]
[BlackElo "1970"]
[Annotator "NA"]
[PlyCount "78"]
[EventDate "2018.08.01"]
[EventType "swiss"]
[EventCountry "POL"]
[SourceTitle "playchess.com"]
[Source "ChessBase"]
[SourceQuality "1"]
[TimeControl "40/5400+30:1800+30"]

1. d4 Nf6 2. c4 g6 3. Nc3 Bg7 4. Nf3 O-O 5. Bg5 d6 6. e3 Nbd7 7. Be2 c6 8. O-O Qc7 9. Rc1 e5 10. Qc2 Re8 11. Rfd1 Nf8 12. dxe5 dxe5 13. Bh4 Bf5 14. Qa4 N8d7 15. Bg3 Bf8 16. b4 a5 17. c5 axb4 18. Qxb4 Bxc5 19. Qb3 Qb6 20. Qxb6 Bxb6 21. Bc4 Kg7 22. Ng5 Re7 23. h3 h6 24. Nf3 Be6 25. Nd2 Ba5 26. Bxe6 Rxe6 27. Nde4 Nxe4 28. Nxe4 Nf6 29. Nd6 Re7 30. a4 Nd5 31. Nc4 Bc7 32. a5 f6 33. Ra1 Kf7 34. Rdb1 Ra7 35. f3 Nc3 36. Rb2 b5 37. Be1 Nd5 38. Na3 e4 39. Nc2 Be5 0-1

[Event "2nd Irena Warakomska Memorial-A"]
[Site "Suwalki"]
[Date "2018.08.06"]
[Round "7"]
[White "Kumala, Aleksander"]
[Black "Maj, Pawel"]
[Result "1/2-1/2"]
[ECO "A45"]
[WhiteElo "2238"]
[BlackElo "2071"]
[Annotator "NA"]
[PlyCount "42"]
[EventDate "2018.08.01"]
[EventType "swiss"]
[EventCountry "POL"]
[SourceTitle "playchess.com"]
[Source "ChessBase"]
[SourceQuality "1"]
[TimeControl "40/5400+30:1800+30"]

1. d4 Nf6 2. Bg5 e6 3. e4 h6 4. Bxf6 Qxf6 5. c3 d6 6. Bd3 Nd7 7. Ne2 e5 8. O-O Qe7 9. f4 g6 10. Nd2 Bg7 11. Nc4 O-O 12. Ne3 Nf6 13. Qc2 Re8 14. Rae1 c6 15. Ng3 h5 16. dxe5 dxe5 17. f5 Bh6 18. fxg6 fxg6 19. Nh1 Be6 20. Nf2 Qc5 21. b4 Qb6 1/2-1/2

[Event "2nd Irena Warakomska Memorial-A"]
[Site "Suwalki"]
[Date "2018.08.06"]
[Round "7"]
[White "Pietruszewski, Marcin"]
[Black "Kowalski, Igor"]
[Result "1-0"]
[ECO "B12"]
[WhiteElo "2208"]
[BlackElo "2323"]
[Annotator "NA"]
[PlyCount "91"]
[EventDate "2018.08.01"]
[EventType "swiss"]
[EventCountry "POL"]
[SourceTitle "playchess.com"]
[Source "ChessBase"]
[SourceQuality "1"]
[TimeControl "40/5400+30:1800+30"]

1. e4 c6 2. d4 d5 3. e5 Bf5 4. Nf3 e6 5. Be2 Nd7 6. O-O h6 7. Nbd2 Ne7 8. Nb3 Bh7 9. a4 Nf5 10. a5 a6 11. c4 dxc4 12. Bxc4 Ne7 13. Ne1 c5 14. Nf3 Be4 15. Nxc5 Nxc5 16. dxc5 Nc6 17. Be3 Qxd1 18. Rfxd1 Bxf3 19. gxf3 Nxe5 20. Be2 Be7 21. b4 O-O 22. f4 Nc6 23. Rd7 Bf6 24. Rb1 Rfb8 25. Bf3 Bc3 26. Rxb7 Rxb7 27. Bxc6 Rab8 28. Bxb7 Rxb7 29. c6 Rc7 30. Rc1 Bxb4 31. Bb6 Rc8 32. c7 Kf8 33. Rd1 Be7 34. Rd8+ Bxd8 35. cxd8=Q+ Rxd8 36. Bxd8 Ke8 37. Bb6 Kd7 38. Kg2 Kd6 39. Kf3 Kd5 40. Ke3 f6 41. Bd8 f5 42. Be7 e5 43. Bf8 g5 44. Bxh6 gxf4+ 45. Bxf4 exf4+ 46. Kxf4 1-0

[Event "2nd Irena Warakomska Memorial-A"]
[Site "Suwalki"]
[Date "2018.08.06"]
[Round "7"]
[White "Lewtak, Dominik"]
[Black "Lisowski, Krzysztof"]
[Result "1-0"]
[ECO "B31"]
[WhiteElo "2164"]
[BlackElo "2072"]
[Annotator "NA"]
[PlyCount "179"]
[EventDate "2018.08.01"]
[EventType "swiss"]
[EventCountry "POL"]
[SourceTitle "playchess.com"]
[Source "ChessBase"]
[SourceQuality "1"]
[TimeControl "40/5400+30:1800+30"]

1. e4 c5 2. Nf3 Nc6 3. Bb5 g6 4. O-O Bg7 5. Re1 Nf6 6. Nc3 O-O 7. e5 Ne8 8. d3 Nc7 9. Bxc6 dxc6 10. Bg5 Bg4 11. h3 Bxf3 12. Qxf3 Ne6 13. Bh4 Qc7 14. Bg3 Rad8 15. b3 Qa5 16. Ne2 Rd5 17. Qe4 Rfd8 18. a4 Bh6 19. Rad1 Qb4 20. Qxb4 cxb4 21. f4 f6 22. exf6 exf6 23. Nc3 bxc3 24. Rxe6 Kf7 25. Rde1 R8d7 26. R6e4 f5 27. Rc4 Rd4 28. Rxd4 Rxd4 29. Bf2 Rd7 30. g3 a6 31. Re5 Bg7 32. Rc5 Ke6 33. Rc4 Kd5 34. a5 Ke6 35. Kf1 Rd5 36. Bb6 Bf6 37. Ke2 Rd7 38. d4 g5 39. fxg5 Bxg5 40. Rxc3 Rg7 41. Kf3 Be7 42. Re3+ Kd7 43. Bc5 Bd8 44. Bb4 Bc7 45. Be1 Rf7 46. Ke2 f4 47. gxf4 Bxf4 48. Rf3 Re7+ 49. Kd3 Bc7 50. Bd2 Rg7 51. b4 Ke6 52. h4 Bd8 53. h5 Bf6 54. c3 Rg2 55. Be3 Rh2 56. h6 Be7 57. Kc4 Rh5 58. Bf4 Rh1 59. Rg3 Bf8 60. Re3+ Kd7 61. Bg5 Rh5 62. Re5 Bd6 63. Rf5 Be7 64. Rf7 Rxg5 65. Rxh7 Rh5 66. Rh8 Bf6 67. Rh7+ Be7 68. Rh8 Bg5 69. h7 Bf6 70. Rf8 Ke6 71. Re8+ Kf5 72. h8=Q Bxh8 73. Re7 Bf6 74. Rxb7 Rh8 75. Rc7 Ra8 76. Rxc6 Bg5 77. Kc5 Bd8 78. Kd5 Bf6 79. Kd6 Bd8 80. Kd7 Bg5 81. Kc7 Bd2 82. Kb7 Rh8 83. Kxa6 Rh3 84. Kb6 Bxc3 85. Rxc3 Rxc3 86. a6 Rc4 87. b5 Rxd4 88. a7 Rd8 89. Kc7 Ra8 90. Kb7 1-0

[Event "2nd Irena Warakomska Memorial-A"]
[Site "Suwalki"]
[Date "2018.08.06"]
[Round "7"]
[White "Zielinski, Wojciech"]
[Black "Krzywda, Andrzej"]
[Result "1/2-1/2"]
[ECO "B40"]
[WhiteElo "2157"]
[BlackElo "2258"]
[Annotator "NA"]
[PlyCount "125"]
[EventDate "2018.08.01"]
[EventType "swiss"]
[EventCountry "POL"]
[SourceTitle "playchess.com"]
[Source "ChessBase"]
[SourceQuality "1"]
[TimeControl "40/5400+30:1800+30"]

1. e4 c5 2. Nf3 e6 3. c4 d6 4. d4 cxd4 5. Nxd4 Nf6 6. Nc3 a6 7. Be2 b6 8. Be3 Bb7 9. f3 Nbd7 10. O-O Be7 11. Rc1 Qc7 12. Qd2 Rc8 13. Rfd1 Qb8 14. b3 O-O 15. a4 Rfe8 16. Kh1 Bd8 17. Bf1 Bc7 18. h3 Rcd8 19. b4 Ne5 20. a5 bxa5 21. b5 Qa8 22. Rb1 Nh5 23. Qf2 Rc8 24. bxa6 Bxa6 25. Ndb5 Bb8 26. Na4 Qc6 27. Nb6 Rcd8 28. Nd4 Qc7 29. Nb5 Bxb5 30. Rxb5 d5 31. f4 Ng6 32. e5 f6 33. g4 Nhxf4 34. Bxf4 Nxf4 35. Qxf4 fxe5 36. Qg3 dxc4 37. Rxd8 Rxd8 38. Bxc4 Qc6+ 39. Kg1 Rd1+ 40. Kf2 Qh1 41. Ke3 Ba7 42. Bxe6+ Kh8 43. Bb3 Rg1 44. Qf2 Qxh3+ 45. Ke4 Rxg4+ 46. Kd5 Rf4 47. Qc5 Qd3+ 48. Kc6 Qd8 49. Kb7 Qb8+ 50. Ka6 Rf6 51. Kxa5 Bxb6+ 52. Rxb6 Qd8 53. Kb5 Rxb6+ 54. Qxb6 Qxb6+ 55. Kxb6 g5 56. Bd1 Kg7 57. Kc5 Kf6 58. Kd5 Kf5 59. Bc2+ Kf4 60. Bxh7 g4 61. Be4 g3 62. Bg2 Kf5 63. Be4+ 1/2-1/2

[Event "2nd Irena Warakomska Memorial-A"]
[Site "Suwalki"]
[Date "2018.08.06"]
[Round "7"]
[White "Ocytko, Andrzej"]
[Black "Buraczewski, Rafal"]
[Result "0-1"]
[ECO "C01"]
[WhiteElo "2155"]
[BlackElo "2221"]
[Annotator "NA"]
[PlyCount "96"]
[EventDate "2018.08.01"]
[EventType "swiss"]
[EventCountry "POL"]
[SourceTitle "playchess.com"]
[Source "ChessBase"]
[SourceQuality "1"]
[TimeControl "40/5400+30:1800+30"]

1. e4 e6 2. d4 d5 3. exd5 exd5 4. Nf3 Nc6 5. Bd3 Bd6 6. c3 Nge7 7. Qc2 Bg4 8. Bg5 Qd7 9. Nbd2 f6 10. Bh4 Bf5 11. O-O-O O-O-O 12. Bg3 Bxd3 13. Qxd3 Nf5 14. Rde1 g6 15. Re2 Rde8 16. Rhe1 Rxe2 17. Qxe2 Bxg3 18. hxg3 Nd6 19. Qe3 g5 20. Qe6 Qxe6 21. Rxe6 Rf8 22. Re1 Kd7 23. Rh1 Rf7 24. g4 Ke7 25. Kd1 Kf8 26. Nf1 Ne4 27. Ke2 Na5 28. Ne3 c6 29. Nd2 Nd6 30. Kd3 b5 31. b3 f5 32. gxf5 Kg7 33. g4 Nab7 34. Nf3 Ne4 35. Rh2 Rc7 36. Ne5 Nbd6 37. f3 Nf6 38. c4 h5 39. Rc2 bxc4+ 40. bxc4 dxc4+ 41. N3xc4 Nxc4 42. Kxc4 h4 43. Kc5 Nd5 44. Nxc6 Rxc6+ 45. Kxc6 Nb4+ 46. Kc7 Nxc2 47. d5 Nd4 48. a4 Nxf3 0-1

[Event "2nd Irena Warakomska Memorial-A"]
[Site "Suwalki"]
[Date "2018.08.06"]
[Round "7"]
[White "Ulanowski, Karol"]
[Black "Zaika, Daniil"]
[Result "0-1"]
[ECO "B94"]
[WhiteElo "2149"]
[BlackElo "2213"]
[Annotator "NA"]
[PlyCount "220"]
[EventDate "2018.08.01"]
[EventType "swiss"]
[EventCountry "POL"]
[SourceTitle "playchess.com"]
[Source "ChessBase"]
[SourceQuality "1"]
[TimeControl "40/5400+30:1800+30"]

1. e4 c5 2. Nf3 d6 3. d4 cxd4 4. Nxd4 Nf6 5. Nc3 a6 6. Bg5 Nbd7 7. Bc4 Qc7 8. Qe2 h6 9. Bh4 g6 10. Nd5 Nxd5 11. exd5 Ne5 12. Bb3 g5 13. Bg3 Bg7 14. h4 Bd7 15. O-O-O O-O-O 16. Kb1 Kb8 17. f3 Rc8 18. Bf2 b5 19. Rc1 Bf6 20. h5 Nc4 21. Rhd1 g4 22. f4 g3 23. Bg1 Rhg8 24. Rd3 Qb7 25. Qf3 Bg4 26. Qe4 e6 27. Qe1 Qxd5 28. a4 Qb7 29. axb5 axb5 30. Qb4 Bxd4 31. Bxd4 Be2 32. Bxc4 Rxc4 33. Qxd6+ Qc7 34. Qa3 Bxd3 35. Be5 Bxc2+ 36. Rxc2 Rxc2 37. Qa6 Qxe5 38. fxe5 Rc7 39. Qxb5+ Rb7 40. Qc5 Ka8 41. Qa5+ Kb8 42. Qa3 Kc7 43. Qd6+ Kc8 44. b4 Rd8 45. Qc5+ Kd7 46. Qd4+ Ke8 47. Qf4 Rd5 48. Kc2 Rbb5 49. Qxh6 Rxe5 50. Qh8+ Ke7 51. h6 Re2+ 52. Kd3 Rxg2 53. Qc8 Rd5+ 54. Ke3 Rh2 55. Qc7+ Kf6 56. Qxg3 Rxh6 57. Qf2+ Ke7 58. Qb2 Rhh5 59. Ke4 Rh4+ 60. Kf3 Rb5 61. Qc2 Rhxb4 62. Qc7+ Kf6 63. Qd8+ Kg7 64. Qe7 Rf5+ 65. Ke3 Rbf4 66. Ke2 e5 67. Ke3 Rd4 68. Ke2 Rh5 69. Kf3 Rf4+ 70. Ke3 Rf6 71. Qd8 Re6 72. Qd1 Kg6 73. Qg4+ Rg5 74. Qh4 Rh5 75. Qg4+ Rg5 76. Qh4 Re8 77. Qe4+ Kg7 78. Qh4 f6 79. Kf3 e4+ 80. Ke3 Kg6 81. Qf4 Ree5 82. Qh4 Kg7 83. Qh3 Re7 84. Qh4 Kg6 85. Qf4 Ree5 86. Qh4 Kg7 87. Qh3 Re7 88. Qh4 Ra7 89. Qh2 Rg4 90. Qb2 Rd7 91. Qb5 Rd3+ 92. Kf2 Rf3+ 93. Ke2 Kh6 94. Qe8 Kg5 95. Qg8+ Kh4 96. Qh8+ Kg3 97. Qb8+ Kg2 98. Qb6 f5 99. Qd4 Rgg3 100. Qe5 e3 101. Qd5 Kg1 102. Qd1+ Kh2 103. Qd6 Rf2+ 104. Ke1 f4 105. Qh6+ Kg1 106. Qf6 Rgg2 107. Qa6 f3 108. Qb5 Re2+ 109. Kd1 Rd2+ 110. Kc1 Rc2+ 0-1

[Event "2nd Irena Warakomska Memorial-A"]
[Site "Suwalki"]
[Date "2018.08.06"]
[Round "7"]
[White "Praczukowski, Stanislaw"]
[Black "Paprocki, Jaroslaw"]
[Result "1/2-1/2"]
[ECO "C44"]
[WhiteElo "2136"]
[BlackElo "2143"]
[Annotator "NA"]
[PlyCount "123"]
[EventDate "2018.08.01"]
[EventType "swiss"]
[EventCountry "POL"]
[SourceTitle "playchess.com"]
[Source "ChessBase"]
[SourceQuality "1"]
[TimeControl "40/5400+30:1800+30"]

1. e4 e5 2. Nf3 Nc6 3. d4 exd4 4. Nxd4 Bb4+ 5. c3 Bc5 6. Nxc6 bxc6 7. Bd3 Qh4 8. Qe2 d6 9. Be3 Bxe3 10. Qxe3 Nf6 11. O-O O-O 12. Nd2 Re8 13. Qg3 Qxg3 14. hxg3 Bg4 15. f3 Be6 16. g4 h6 17. Kf2 Nd7 18. Rfb1 Ne5 19. Be2 c5 20. Kg3 g5 21. b4 cxb4 22. cxb4 c5 23. bxc5 dxc5 24. Rb5 Rac8 25. Nb3 Nc6 26. Rxc5 Nd4 27. Bd1 Bxb3 28. Rxc8 Rxc8 29. Bxb3 Nxb3 30. axb3 Rc3 31. Ra3 a5 32. Rxa5 Rxb3 33. Ra2 Kg7 34. Kf2 Kg6 35. Rd2 Ra3 36. Ke2 f6 37. g3 Rb3 38. Kf2 Rb4 39. Re2 h5 40. gxh5+ Kxh5 41. Kg2 Ra4 42. Rb2 g4 43. Rb5+ Kg6 44. Rb2 Rc4 45. Re2 gxf3+ 46. Kxf3 Kg5 47. Re3 Rc5 48. Rd3 Rc1 49. Rd5+ Kg6 50. Kf4 Rf1+ 51. Kg4 Re1 52. Rd4 Rxe4+ 53. Rxe4 f5+ 54. Kf4 fxe4 55. Kxe4 Kg5 56. Kf3 Kf5 57. g4+ Kg5 58. Kg3 Kg6 59. g5 Kf5 60. g6 Kf6 61. g7 Kf7 62. g8=B+ 1/2-1/2

[Event "2nd Irena Warakomska Memorial-A"]
[Site "Suwalki"]
[Date "2018.08.06"]
[Round "7"]
[White "Popiol, Michal"]
[Black "Chylewski, Patryk"]
[Result "0-1"]
[ECO "E15"]
[WhiteElo "2126"]
[BlackElo "2270"]
[Annotator "NA"]
[PlyCount "80"]
[EventDate "2018.08.01"]
[EventType "swiss"]
[EventCountry "POL"]
[SourceTitle "playchess.com"]
[Source "ChessBase"]
[SourceQuality "1"]
[TimeControl "40/5400+30:1800+30"]

1. d4 Nf6 2. c4 e6 3. Nf3 b6 4. g3 Bb7 5. Bg2 c5 6. d5 exd5 7. Nh4 g6 8. Nc3 Bg7 9. O-O O-O 10. cxd5 d6 11. a4 Na6 12. Nf3 Nb4 13. Ne1 a6 14. e4 Nd7 15. Nc2 Nxc2 16. Qxc2 c4 17. Be3 Qc7 18. Ne2 Ne5 19. Bd4 b5 20. axb5 axb5 21. Rxa8 Rxa8 22. b4 Nd3 23. Bxg7 Kxg7 24. Qc3+ Kg8 25. Nc1 Ne5 26. Qd4 Ra4 27. f4 Nd7 28. Qc3 Qb6+ 29. Kh1 Qa7 30. Ne2 Ra3 31. Qd4 Qa4 32. Bh3 Qc2 33. Bxd7 Qxe2 34. Rf2 Qe1+ 35. Kg2 Rd3 36. Qf6 Qxe4+ 37. Kh3 Qd4 38. Qxd6 Qxd5 39. Qb8+ Kg7 40. Bc8 Qh5# 0-1

[Event "2nd Irena Warakomska Memorial-A"]
[Site "Suwalki"]
[Date "2018.08.06"]
[Round "7"]
[White "Harshini, A."]
[Black "Bykovskiy, Oleg"]
[Result "1/2-1/2"]
[ECO "B06"]
[WhiteElo "2124"]
[BlackElo "2263"]
[Annotator "NA"]
[PlyCount "68"]
[EventDate "2018.08.01"]
[EventType "swiss"]
[EventCountry "POL"]
[SourceTitle "playchess.com"]
[Source "ChessBase"]
[SourceQuality "1"]
[TimeControl "40/5400+30:1800+30"]

1. e4 g6 2. d4 Bg7 3. Nf3 d5 4. exd5 Qxd5 5. Nc3 Qd8 6. Be2 Bg4 7. Be3 Nf6 8. O-O O-O 9. Qd2 e6 10. h3 Bxf3 11. Bxf3 c6 12. Ne4 Nxe4 13. Bxe4 Nd7 14. c4 f5 15. Bf3 e5 16. d5 c5 17. Bg5 Bf6 18. Bh6 Re8 19. Bd1 Nb6 20. Rc1 Qd6 21. Bg5 Bxg5 22. Qxg5 e4 23. Re1 Re5 24. Rc3 Rf8 25. Qc1 Re7 26. Rce3 Nd7 27. f3 Nf6 28. fxe4 fxe4 29. Bc2 Qf4 30. R3e2 e3 31. Rxe3 Ng4 32. hxg4 Qf2+ 33. Kh2 Qh4+ 34. Kg1 Qf2+ 1/2-1/2

[Event "2nd Irena Warakomska Memorial-A"]
[Site "Suwalki"]
[Date "2018.08.06"]
[Round "7"]
[White "Kuchava, Ana"]
[Black "Wacior, Maciej"]
[Result "0-1"]
[ECO "D43"]
[WhiteElo "2124"]
[BlackElo "2081"]
[Annotator "NA"]
[PlyCount "88"]
[EventDate "2018.08.01"]
[EventType "swiss"]
[EventCountry "POL"]
[SourceTitle "playchess.com"]
[Source "ChessBase"]
[SourceQuality "1"]
[TimeControl "40/5400+30:1800+30"]

1. d4 d5 2. Nf3 Nf6 3. c4 e6 4. Nc3 c6 5. Qb3 Bd6 6. Bg5 h6 7. Bh4 Nbd7 8. e3 Qc7 9. c5 Be7 10. Bg3 Qa5 11. a3 b6 12. Qb4 Qxb4 13. axb4 Bb7 14. h3 a5 15. bxa5 bxc5 16. dxc5 Nxc5 17. Nd4 O-O 18. f3 Nfd7 19. Kf2 Bf6 20. b4 Nb3 21. Rd1 Nxd4 22. exd4 Be7 23. Rb1 f5 24. Bf4 g5 25. Bd2 Bf6 26. Ne2 Ba6 27. Bc3 Rfb8 28. Ng3 c5 29. b5 cxd4 30. Bd2 Bc8 31. Rc1 Ne5 32. b6 Ba6 33. Bxa6 Rxa6 34. Rc7 Bd8 35. Rc2 Nc4 36. Bb4 Nxa5 37. Bxa5 Rxa5 38. Re1 Bxb6 39. Rc6 d3+ 40. Kf1 d2 41. Rd1 Rc5 42. Rxe6 Rc1 43. Ke2 Rxd1 44. Kxd1 Ba5 0-1